Construct Weapon Support Center
Selects Special Operations Battlegroup
Construct Medical Station
Selects SSF Commando Squad
M3 Armored Personnel Carrier
Improved M9 Bazooka Rockets
Selects M29 Weasel with M1 Pack Howitzer
Selects P-47 Anti-Infantry Loiter
M1918 Browning Automatic Rifles
P-47 Anti-Infantry Loiter
Selects M4A1 Sherman Whizbang
P-47 Anti-Infantry Loiter
Selects Air Re-supply Operation
P-47 Anti-Infantry Loiter